AoeStats
← Malicious

Arena

510609655Analyzed
2v2 RM · 2d ago on Oct 1, 2026· 41m 13s· 4 players
Game mode
Random Map
Map size
Medium (4 player)
Population
200
Speed
Normal
Resources
Standard
Victory
Conquest
Starting age
Dark Age
Ending age
Imperial Age
RankedLock teamsTeams togetherTeam positionsShared explorationLock speedFull tech treeHidden civsTurbo modeCheats
Victory
Defeat
🇪🇸 Mongols · Spain
1199
+13
🇵🇱 Poles · Poland
1015
+21
🇹🇷 Portuguese · Türkiye
1188
-19
🇹🇷 Turks · Türkiye
1076
-15
La Khukharacha
5:24 Loom
8:51 Feudal Age
9:46 Double-Bit Axe
10:09 Horse Collar
19:48 Castle Age
21:33 Bow Saw
21:24 Heavy Plow
24:27 Wheelbarrow
23:37 Town Watch
27:52 Hand Cart
27:56 Gold Mining
27:56 Stone Mining
31:34 Imperial Age
29:48 Scale Barding Armor
31:03 Stone Shaft Mining
30:52 Chain Barding Armor
30:44 Forging
30:41 Szlachta Privileges
31:33 Bloodlines
31:24 Husbandry
32:58 Iron Casting
32:51 Conscription
32:04 Cavalier
34:12 Crop Rotation
34:45 Blast Furnace
35:29 Town Patrol
38:16 Scale Mail Armor
37:43 Light Cavalry
40:31 Lechitic Legacy
39:35 Winged Hussar
MuchaTralla
9:49 Feudal Age
14:06 Castle Age
12:11 Loom
12:45 Double-Bit Axe
13:50 Horse Collar
15:01 Bow Saw
15:24 Fletching
18:36 Gold Mining
20:32 Bodkin Arrow
27:46 Imperial Age
27:34 Padded Archer Armor
28:19 Wheelbarrow
28:41 Husbandry
28:58 Bloodlines
29:10 Bracer
29:51 Masonry
31:22 Husbandry
31:40 Leather Archer Armor
33:40 Chemistry
32:44 Town Watch
33:29 Light Cavalry
34:45 Thumb Ring
36:22 Ballistics
36:31 Scale Barding Armor
38:46 Chain Barding Armor
Malicious
10:42 Feudal Age
9:32 Loom
14:56 Castle Age
19:15 Double-Bit Axe
21:52 Bow Saw
30:05 Imperial Age
27:45 Gold Mining
29:15 Pikeman
30:10 Treadmill Crane
33:08 Chemistry
35:13 Two-Man Saw
33:54 Horse Collar
36:20 Conscription
37:31 Siege Engineers
39:52 Ballistics
39:29 Murder Holes
40:11 Halberdier
TheCaesar
2:33 Loom
11:55 Feudal Age
16:11 Castle Age
20:46 Imperial Age
18:41 Double-Bit Axe
35:55 Loom
Connection lost

Rejoining the realm…

Still unreachable

The connection could not be restored.

Session expired

The server has moved on; the page needs a fresh start.